 Dungeon Crawl Stone Soup version 0.29-a0-1043-g569b05d6ff (webtiles) character file.

Game seed: 2288161485149184268

29782 drugrobin the Warrior (level 12, -1/119 HPs)
             Began as a Demigod Delver on Aug 16, 2022.
             Slain by a seven-headed hydra (13 damage)
             ... on level 2 of the Lair of Beasts.
             The game lasted 00:56:48 (19496 turns).

drugrobin the Warrior (Demigod Delver)             Turns: 19496, Time: 00:56:48

Health: -1/119     AC:  9    Str: 33    XL:     12   Next: 86%
Magic:  24/24      EV: 11    Int: 16    God:
Gold:   1283       SH:  3    Dex: 15    Spells: 8/11 levels left

rFire   . . .      SeeInvis .   k - +0 falchion (flame)
rCold   . . .      Faith    .   V - +0 buckler
rNeg    . . .      Spirit   .   h - +0 troll leather armour
rPois   +          Reflect  .   j - +0 helmet
rElec   .          Harm     .   Z - +0 cloak
rCorr   .          Rampage  .   E - +1 pair of gloves {hurl}
Will    +....                   s - +0 pair of boots
Stlth   +++.......              G - amulet of the acrobat
HPRegen 1.09/turn               y - ring "Ockum" {Fly rPois MP+9 Str+6 Dex-4}
MPRegen 0.19/turn               F - +6 ring of strength

@: flying
A: high MP 1, forlorn, divine attributes
a: no special abilities


You were on level 2 of the Lair of Beasts.
You visited 3 branches of the dungeon, and saw 16 of its levels.
You also visited: Bailey.

You collected 1510 gold pieces.
You spent 227 gold pieces at shops.

Inventory:

Hand Weapons
 a - a +0 war axe
 b - the +10 sling "Myggif" {venom, rElec rPois Will+ Dex-4}
   (You found it on level 2 of the Dungeon)

   Any ammunition fired from it poisons the flesh of those it strikes.
   Dex:       It affects your dexterity (-4).
   rElec:     It insulates you from electricity.
   rPois:     It protects you from poison.
   Will:      It increases your willpower.
 k - a +0 falchion of flaming (weapon)
Missiles
 x - 41 javelins (quivered)
Armour
 c - a +1 robe of cold resistance
 h - a +0 troll leather armour (worn)
 j - a +0 helmet (worn)
 s - a +0 pair of boots (worn)
 D - a +1 scale mail of fire resistance
 E - a +1 pair of gloves of hurling (worn)
 V - a +0 buckler (worn)
 Z - a +0 cloak (worn)
Magical Staves
 T - a staff of poison
Jewellery
 y - the ring "Ockum" (left hand) {Fly rPois MP+9 Str+6 Dex-4}
   (You found it on level 11 of the Dungeon)

   [ring of strength]

   Str:       It affects your strength (+6).
   Dex:       It affects your dexterity (-4).
   rPois:     It protects you from poison.
   MP:        It affects your magic capacity (+9).
   Fly:       It grants you flight.
 A - a ring of wizardry
 F - a +6 ring of strength (right hand)
 G - an amulet of the acrobat (around neck)
 H - a ring of fire
 S - a ring of ice
Wands
 g - a wand of digging (12)
 W - a wand of paralysis (18)
Scrolls
 d - a scroll of magic mapping
 m - a scroll of blinking
 o - 4 scrolls of poison
 p - 6 scrolls of butterflies
 q - 3 scrolls of teleportation
 t - 2 scrolls of silence
 u - a scroll of fog
 w - 6 scrolls of enchant weapon
 z - a scroll of summoning
 C - 3 scrolls of immolation
 I - 6 scrolls of amnesia
 J - a scroll of torment
 L - 2 scrolls of enchant armour
 M - 3 scrolls of vulnerability
 Y - a scroll of brand weapon
Potions
 e - 6 potions of lignification
 f - 4 potions of haste
 i - a potion of heal wounds
 l - 3 potions of cancellation {unknown}
 n - 3 potions of resistance {unknown}
 r - 10 potions of curing
 v - a potion of magic {unknown}
 B - 2 potions of mutation {unknown}
 K - 2 potions of might {unknown}
 N - a potion of invisibility
 P - a potion of degeneration {unknown}
 R - 2 potions of berserk rage {unknown}
 X - a potion of attraction {unknown}
Miscellaneous
 U - a phial of floods (inert)


   Skills:
 + Level 15.1 Fighting
 - Level 3.7 Axes
 - Level 14.0 Ranged Weapons
 - Level 1.7 Dodging
 - Level 4.5 Stealth


You had 8 spell levels left.
You knew the following spells:

 Your Spells              Type           Power      Damage    Failure   Level
a - Sting                 Tmut/Pois      0%         1d3       36%         1
b - Blink                 Tloc           0%         N/A       50%         2

Your spell library contained the following spells:

 Spells                   Type           Power      Damage    Failure   Level
 Necrotise                Necr           0%         1d4       36%         1
 Ensorcelled Hibernation  Hex/Ice        0%         N/A       50%         2
 Passwall                 Tmut/Erth      0%         N/A       50%         2
 Poisonous Vapours        Pois/Air       0%         N/A       50%         2
 Swiftness                Air            0%         N/A       75%         3
 Vampiric Draining        Necr           0%         2d6       75%         3
 Olgreb's Toxic Radiance  Pois           0%         N/A       98%         4
 Agony                    Necr           0%         N/A       100%        5
 Manifold Assault         Tloc           0%         N/A       100%        5
 Storm Form               Tmut/Air       0%         N/A       100%        7


Dungeon Overview and Level Annotations

Branches:
Dungeon (12/15)            Temple (0/1) D:5            Lair (2/5) D:8
 Spider (0/4) Lair:2          Orc (2/2) D:11         Bailey (visited)
  Swamp: Lair:2-3    Shoals: Lair:2-3       Elf: Orc:2

Shops:
D:7 ?   D:8 :

Annotations:
D:4 1 runed translucent door, Heh's ghost, amateur OpWr
D:11 Buttons840's ghost, journeyman MiBe
D:12 Frances


Innate Abilities, Weirdness & Mutations

You have an increased reservoir of magic. (+10% MP)
You shall have no god before yourself.
Your divine heritage dramatically boosts your attributes as you level up.


Message History

The eight-headed hydra misses you. The eight-headed hydra bites you. x3
The eight-headed hydra bites you! x2; The eight-headed hydra bites you. x2
Unknown command.
Unknown command.
Unknown command.
You barely miss the eight-headed hydra.
The eight-headed hydra is moderately wounded.
The eight-headed hydra bites you!
You block the eight-headed hydra's attack.
The eight-headed hydra bites you! x2
The eight-headed hydra bites you but does no damage.
The eight-headed hydra bites you!
The eight-headed hydra completely misses you.
The eight-headed hydra bites you but does no damage.
Unknown command.
Unknown command.
Unknown command.
Unknown command.
Unknown command.
Unknown command.
Unknown command.
Unknown command.
Unknown command.
You slice one of the eight-headed hydra's heads off!
The flame cauterises the wound!
You hit the seven-headed hydra. You burn the seven-headed hydra.
The seven-headed hydra is moderately wounded.
The seven-headed hydra bites you but does no damage.
The seven-headed hydra bites you! x2
* * * LOW HITPOINT WARNING * * *
You block the seven-headed hydra's attack.
The seven-headed hydra bites you!
* * * LOW HITPOINT WARNING * * *
The seven-headed hydra bites you.
* * * LOW HITPOINT WARNING * * *
The seven-headed hydra bites you.
* * * LOW HITPOINT WARNING * * *
You block the seven-headed hydra's attack.
The seven-headed hydra bites you!
You die...

...##.#.###.....#......#....♣♣
..#.#+.#..#....##..#...(#....♣##♣
.....................#...........
.................................
.........!.....................[.
..........(......................
.............................#.##
....#......#.....D...........###
....###.###.....@.............###
.....#P.####.......#.#..#P...###.
.....#...###.................###.
..).......##....#........+.......
....###...#..............#....###
.....##..###....#............###.
....####.P##......<...........##.
.....#....##....#........#.......
....................#..#.........


You could see a seven-headed hydra.

Vanquished Creatures
  A fire dragon (Lair:1)
  Josephine (D:11)
  Fannar (Lair:2)
  4 hydras
  Erica (Lair:1)
  A catoblepas (Lair:2)
  Urug (D:11)
  Nergalle (D:12)
  Lodul (D:11)
  Pikel (D:7)
  A cyclops (D:12)
  2 manticores
  A black mamba (Lair:2)
  A moth of wrath (D:11)
  Joseph (D:8)
  Maggie (D:7)
  A cane toad (Lair:2)
  An unseen horror (D:10)
  3 rime drakes
  2 komodo dragons
  A tyrant leech (Lair:2)
  A polar bear (Lair:1)
  2 hornets
  2 trolls
  4 slime creatures (D:12)
  2 dream sheep (D:9)
  5 blink frogs (Lair:2)
  3 culicivoras (Lair:2)
  2 basilisks (Lair:2)
  A wyvern (Lair:1)
  A golden eye (shapeshifter) (D:11)
  17 yaks
  4 wraiths
  A hog (shapeshifter) (D:11)
  Grum (D:8)
  6 steam dragons
  3 vampire mosquitoes (D:10)
  A warg (D:11)
  A swamp worm (Lair:2)
  An acid dragon (D:9)
  Menkaure (D:7)
  9 water moccasins
  A sky beast (D:7)
  An ice beast (D:6)
  3 black bears
  22 orc warriors
  12 ogres
  2 wolves (D:8)
  8 centaurs (Bailey)
  A lemure (D:7)
  3 phantoms
  6 kobold brigands
  A gnoll sergeant (D:8)
  5 bullfrogs
  2 scorpions
  12 wights
  6 killer bees (D:10)
  2 howler monkeys
  2 hounds
  A jelly (D:5)
  9 orc priests
  A gnoll bouda (D:8)
  6 iguanas
  14 orc wizards
  17 gnolls
  9 adders
  2 shadow imps (D:5)
  A white imp (D:6)
  2 ufetubi (D:5)
  4 worms
  A dart slug (D:1)
  63 orcs
  5 ball pythons
  8 bats
  10 endoplasms
  3 giant cockroaches
  7 goblins
  6 hobgoblins
  7 jackals
  2 quokkas
  5 frilled lizards
  18 kobolds
  4 rats
390 creatures vanquished.

Vanquished Creatures (others)
  An orc (Orc:2)
  7 fungi
  23 plants
31 creatures vanquished.

Grand Total: 421 creatures vanquished

Notes
Turn   | Place    | Note
-------+----------+-------------------------------------------
     0 | D:5      | drugrobin the Demigod Delver began the quest for the Orb.
     0 | D:5      | Reached XP level 1. HP: 18/18 MP: 3/3
   313 | D:5      | Noticed an ogre
   315 | D:5      | Noticed an ogre
   357 | D:4      | Noticed an iguana
   360 | D:4      | Noticed an iguana
   471 | D:5      | Noticed a wight
   471 | D:5      | Noticed a wight
   493 | D:4      | Reached XP level 2. HP: 17/25 MP: 4/4
   550 | D:4      | Found a runed translucent door.
   550 | D:4      | Noticed Heh's ghost (amateur OpWr)
   756 | D:3      | Reached skill level 3 in Fighting
  1414 | D:2      | Reached XP level 3. HP: 31/31 MP: 5/5
  1921 | D:1      | Learned a level 1 spell: Sting
  2968 | D:2      | Reached XP level 4. HP: 38/38 MP: 6/6
  3087 | D:2      | Identified the +10 sling "Myggif" {venom, rElec rPois Will+
                  | Dex-4}
  3301 | D:3      | Reached skill level 1 in Ranged Weapons
  3304 | D:3      | Reached skill level 4 in Fighting
  3304 | D:3      | Reached XP level 5. HP: 21/46 MP: 7/7
  3693 | D:3      | Identified the +3 mace of Beogh's Vengeance {vorpal, rC+
                  | Dex+2}
  4721 | D:4      | Reached XP level 6. HP: 53/53 MP: 8/8
  4905 | D:4      | Reached skill level 5 in Fighting
  5371 | D:5      | Reached XP level 7. HP: 43/61 MP: 9/9
  5650 | D:5      | Reached skill level 6 in Fighting
  5877 | D:5      | Found a staircase to the Ecumenical Temple.
  6034 | D:5      | Reached skill level 5 in Ranged Weapons
  6440 | D:6      | Reached XP level 8. HP: 53/71 MP: 10/10
  6639 | D:6      | Reached skill level 7 in Fighting
  7001 | D:7      | Reached skill level 8 in Fighting
  7002 | D:7      | Identified the +1 ring mail "Anieraok" {Str+3}
  7112 | D:7      | Reached XP level 9. HP: 81/81 MP: 11/11
  7223 | D:7      | Noticed Pikel
  7238 | D:7      | Killed Pikel
  7239 | D:7      | Reached skill level 9 in Fighting
  7362 | D:7      | Noticed Maggie
  7372 | D:7      | Killed Maggie
  7455 | D:7      | Found a flagged portal.
  7476 | Bailey   | Entered a bailey
  8065 | Bailey   | Reached skill level 10 in Fighting
  8088 | Bailey   | Reached XP level 10. HP: 80/93 MP: 13/13
  8441 | D:7      | Found Seyghipt's Magic Scroll Emporium.
  8446 | D:7      | Bought a scroll of vulnerability for 52 gold pieces
  8446 | D:7      | Bought a scroll of amnesia for 52 gold pieces
  8446 | D:7      | Bought a scroll of identify for 26 gold pieces
  8446 | D:7      | Bought a scroll of enchant armour for 97 gold pieces
  8621 | D:7      | Noticed Menkaure
  8622 | D:7      | Killed Menkaure
  8885 | D:8      | Noticed Joseph
  8896 | D:8      | Killed Joseph
  9024 | D:8      | Found Idaeh's Book Shoppe.
  9197 | D:8      | Found a staircase to the Lair.
  9464 | D:8      | Reached skill level 10 in Ranged Weapons
  9697 | D:8      | Noticed Grum
  9704 | D:8      | Reached skill level 11 in Fighting
  9706 | D:8      | Killed Grum
 10824 | D:9      | Noticed a three-headed hydra
 10863 | D:9      | Killed a three-headed hydra
 11043 | D:10     | Entered Level 10 of the Dungeon
 11118 | D:10     | Reached XP level 11. HP: 104/104 MP: 14/14
 11910 | D:11     | Noticed a six-headed hydra
 12063 | D:11     | Killed a one-headed hydra
 12064 | D:11     | Reached skill level 12 in Fighting
 12240 | D:11     | Noticed a six-headed hydra
 12241 | D:11     | Noticed Urug
 12285 | D:10     | Killed a six-headed hydra
 12749 | D:11     | Killed Urug
 12952 | D:11     | Found a staircase to the Orcish Mines.
 12979 | D:11     | Found a transporter.
 12986 | D:11     | Found a transporter.
 13006 | D:11     | Noticed Buttons840's ghost (journeyman MiBe)
 13379 | D:11     | Noticed Josephine
 13394 | D:11     | Killed Josephine
 14325 | D:11     | Noticed Lodul
 14456 | D:11     | Killed Lodul
 14457 | D:11     | Reached skill level 13 in Fighting
 14585 | Orc:1    | Entered Level 1 of the Orcish Mines
 14700 | Orc:2    | Entered Level 2 of the Orcish Mines
 14700 | Orc:2    | Noticed an orc knight
 15417 | D:11     | HP: 3/107 [Buttons840's ghost (8)]
 15417 | D:11     | HP: 1/107 [Buttons840's ghost (2)]
 15890 | D:11     | Identified the ring "Ockum" {Fly rPois MP+9 Str+6 Dex-4}
 16232 | D:12     | Noticed Nergalle
 16263 | D:12     | Killed Nergalle
 16264 | D:12     | Reached XP level 12. HP: 53/110 MP: 15/15
 16916 | D:12     | Noticed Frances
 17013 | Lair:1   | Entered Level 1 of the Lair of Beasts
 17089 | Lair:1   | You are sucked into a shaft and drop 1 floor!
 17183 | Lair:2   | Noticed Fannar
 17199 | Lair:2   | Killed Fannar
 17200 | Lair:2   | Reached skill level 14 in Fighting
 17591 | Lair:1   | Learned a level 2 spell: Blink
 17799 | Lair:1   | Noticed a fire dragon
 17820 | Lair:1   | HP: 5/117 [fire dragon (5)]
 17821 | Lair:1   | Killed a fire dragon
 18182 | Lair:1   | Noticed Erica
 18225 | Lair:1   | Killed Erica
 18865 | Lair:2   | Found a hole to the Spider Nest.
 19197 | Lair:2   | Noticed a catoblepas
 19216 | Lair:2   | Killed a catoblepas
 19246 | Lair:2   | Noticed an eight-headed hydra
 19259 | Lair:2   | Reached skill level 15 in Fighting
 19425 | Lair:2   | Killed an eight-headed hydra
 19480 | Lair:2   | Noticed an eight-headed hydra
 19496 | Lair:2   | Slain by a seven-headed hydra

Illustrated notes

Levels and vault maps discovered:
D:1:      reono_arrival_forest_river, layout_rooms, serial_bayou,
          serial_bayou_lagoon_b, serial_bayou_pond_e, serial_bayou_pond_d,
          serial_bayou_pond_d, shapermc_ecumenical_altar_mp_vishouse
D:2:      layout_basic, basic_altar
D:3:      layout_basic, nicolae_elyvilon_temple_path, grunt_dithmenos_smoke,
          mainiacjoe_overflow_alcove_1
D:4:      layout_cave_pools, mainiacjoe_overflow_catwalk, gammafunk_ghost_grave,
          chequers_serial_rivers_small_3, eino_tiny_chamber
D:5:      layout_loops_cross, lemuel_temple_firewalk_b, kennysheep_small_circle
D:6:      layout_rooms
D:7:      layout_loops_ring, enter_bailey_5, serial_shops,
          nicolae_shop_hallway_plus, minmay_tree_intersection, uniq_menkaure,
          uniq_maggie, uniq_pikel
D:8:      layout_loops_corners, dpeg_oklobed_lair, serial_shops,
          nicolae_shop_trees, minmay_holes, uniq_grum, uniq_joseph
D:9:      layout_small_grid, mainiacjoe_overflow_catwalk_spiral, hangedman_ranch
D:10:     layout_roguey, tso_oasis_becter, lemuel_tele_altar,
          nicolae_two_hexagons
D:11:     layout_grid_maze, orc_0_dummy, gammafunk_ghost_berserking_beasts,
          uniq_urug, uniq_lodul, uniq_josephine
D:12:     layout_cave_pools, special_room [special_room_orc],
          minmay_diamond_spiral, uniq_sonja, uniq_frances, uniq_nergalle
Lair:1:   dragon1_lemuel, layout_regular_city, hangedman_lair_unloving_vines,
          serial_bayou_shore_b, grunt_megastairs_3, uniq_erica
Lair:2:   layout_regular_city, palyth_hydra_swamp_entry,
          hellmonk_spider_entry_life_and_decay, uniq_fannar
Orc:1:    layout_caves, ebering_ghost_gozag, uniq_maurice
Orc:2:    grunt_orc_cross, layout_caves

Skill      XL: |  1  2  3  4  5  6  7  8  9 10 11 12 |
---------------+-------------------------------------+-----
Axes           | 2 3 |  3.7
Fighting       | 3 4 5 6 8 10 11 13 15 | 15.1
Ranged Weapons | 1 2 3 5 7 9 10 12 14 | 14.0
Dodging        | |  1.7
Stealth        | |  4.5

Action                   |  1- 3 |  4- 6 |  7- 9 | 10-12 || total
-------------------------+-------+-------+-------+-------++-------
Melee: Hand axe          |    13 |    15 |    54 |     3 ||    85
       Dagger            |   116 |    11 |       |       ||   127
       Punch             |     2 |       |       |       ||     2
       War axe           |       |       |       |    42 ||    42
       Falchion          |       |       |       |    12 ||    12
 Fire: Sling             |       |    98 |   231 |   856 ||  1185
Throw: Dart              |     3 |       |       |       ||     3
       Throwing net      |       |       |       |     1 ||     1
       Javelin           |       |       |       |     1 ||     1
Evoke: Phial of floods   |       |       |       |     2 ||     2
  Use: Potion            |     1 |       |       |     2 ||     3
       Scroll            |     1 |       |       |    20 ||    21
 Stab: Sleeping          |     7 |       |       |       ||     7
Armor: Leather armour    |    32 |    24 |    11 |       ||    67
       Ring mail         |       |       |    10 |       ||    10
       Swamp dragon scal |       |       |    12 |   153 ||   165
       Troll leather arm |       |       |       |    46 ||    46
Dodge: Dodged            |    85 |    37 |    74 |   340 ||   536
Block: Buckler           |       |       |       |    65 ||    65

Table legend: (Time is in decaauts)
 A = Elapsed time spent in this place.
 B = Non-inter-level travel time spent in this place.
 C = Inter-level travel time spent in this place.
 D = Time resting spent in this place.
 E = Time spent auto-exploring this place.
 F = Levels seen in this place.
 G = Mean time per level.
                   A        B        C        D        E       F      G
               +--------+--------+--------+--------+--------+-----+--------+
         Total |  19471 |  18719 |    752 |   4334 |  10510 |  17 | 1145.4 |
       Dungeon |  15875 |  15217 |    658 |   3795 |   8479 |  12 | 1322.9 |
          Lair |   2415 |   2334 |     81 |    460 |   1329 |   2 | 1207.5 |
  Orcish Mines |    236 |    223 |     13 |     79 |    100 |   2 |  118.0 |
        Bailey |    944 |    944 |      0 |      0 |    602 |   1 |  944.0 |
               +--------+--------+--------+--------+--------+-----+--------+

Top non-repeatable levels by time:
    D:11: 3112 daAuts
     D:5: 1755 daAuts
     D:3: 1700 daAuts
    D:10: 1693 daAuts
     D:2: 1542 daAuts
  Lair:2: 1241 daAuts
  Lair:1: 1173 daAuts
     D:9: 1140 daAuts
     D:8: 1135 daAuts
  Bailey: 944 daAuts
    D:12: 893 daAuts
     D:7: 876 daAuts
     D:1: 780 daAuts
     D:4: 655 daAuts
     D:6: 587 daAuts
